3A
ALAMEDA AIRMEN @ GRAND FORKS CATERPILLARS
07/10/2020
 
TOP OF THE 1ST
Alameda Airmen batting - Pitching for Grand Forks Caterpillars : LHP Raúl Gonzáles
Pitching: LHP Raúl Gonzáles
Batting: RHB Edgar García 0-0: Ball
1-0: Fly out, F2 (Popup, 23F)
Batting: RHB António Delgado 0-0: Bunt for hit - play at first, batter OUT! 1-3
Batting: RHB William Miles 0-0: Ball
1-0: Fly out, F8 (Flyball, 8LM)
Top of the 1st over - 0 run(s), 0 hit(s), 0 error(s), 0 left on base; Alameda 0 - Grand Forks 0
BOTTOM OF THE 1ST
Grand Forks Caterpillars batting - Pitching for Alameda Airmen : RHP Seb Alport
Pitching: RHP Seb Alport
Batting: RHB Rubén Marino 0-0: Ball
1-0: Ball
2-0: Ball
3-0: Called Strike
3-1: Base on Balls
Batting: LHB Carlos Álvarez 0-0: Called Strike
Throwing error on steal attempt, E2
Rubén Marino to third
0-1: Ball
1-1: Ball
2-1: Ball
3-1: Foul Ball, location: 2F
3-2: DOUBLE (Line Drive, 9LM)
Rubén Marino scores
Batting: SHB Valentín Guzmán 0-0: Called Strike
0-1: Ball
1-1: Ball
2-1: Foul Ball, location: 2F
2-2: Ground out 4-3 (Groundball, 4)
Carlos Álvarez to third
Batting: LHB Tae-sang Han 0-0: Ball
1-0: Fly out, F5 (Line Drive, 56S)
Batting: LHB Qi-zhen Loong 0-0: Called Strike
0-1: Ball
1-1: Ball
2-1: Ball
3-1: Foul Ball, location: 2F
3-2: Strikes out swinging
Bottom of the 1st over - 1 run(s), 1 hit(s), 1 error(s), 1 left on base; Alameda 0 - Grand Forks 1
TOP OF THE 2ND
Alameda Airmen batting - Pitching for Grand Forks Caterpillars : LHP Raúl Gonzáles
Batting: SHB Burton Storey 0-0: Called Strike
0-1: Foul Ball, location: 2F
0-2: Ball
1-2: Ball
2-2: Ball
3-2: Foul Ball, location: 2F
3-2: Strikes out looking
Batting: RHB Gabriel Juárez 0-0: Swinging Strike
0-1: Swinging Strike
0-2: Strikes out swinging
Batting: RHB Miguel Torres 0-0: Fly out, F3 (Popup, 34)
Top of the 2nd over - 0 run(s), 0 hit(s), 0 error(s), 0 left on base; Alameda 0 - Grand Forks 1
BOTTOM OF THE 2ND
Grand Forks Caterpillars batting - Pitching for Alameda Airmen : RHP Seb Alport
Batting: LHB Eduardo Álvarez 0-0: Called Strike
0-1: Ball
1-1: Foul Ball, location: 2F
1-2: Fly out, F7 (Flyball, 8LM)
Batting: RHB John Moore 0-0: Ground out 5-3 (Groundball, 5)
Batting: RHB Clarros Ramada 0-0: Ball
1-0: Ball
2-0: Called Strike
2-1: Foul Ball, location: 2F
2-2: Strikes out swinging
Bottom of the 2nd over - 0 run(s), 0 hit(s), 0 error(s), 0 left on base; Alameda 0 - Grand Forks 1
TOP OF THE 3RD
Alameda Airmen batting - Pitching for Grand Forks Caterpillars : LHP Raúl Gonzáles
Batting: RHB Manuel Martínez 0-0: Fly out, F4 (Line Drive, 4)
Batting: SHB Thomas Sherman 0-0: Ball
1-0: Ball
2-0: Swinging Strike
2-1: Swinging Strike
2-2: Strikes out swinging
Batting: RHB José Cervantes 0-0: Swinging Strike
0-1: Fly out, F6 (Popup, 56D)
Top of the 3rd over - 0 run(s), 0 hit(s), 0 error(s), 0 left on base; Alameda 0 - Grand Forks 1
BOTTOM OF THE 3RD
Grand Forks Caterpillars batting - Pitching for Alameda Airmen : RHP Seb Alport
Batting: SHB Luchino Salimbeni 0-0: Called Strike
0-1: Ground out 1-3 (Groundball, 13S)
Batting: RHB Rubén Marino 0-0: Called Strike
0-1: Ground out 5-3 (Groundball, 5S)
Batting: LHB Carlos Álvarez 0-0: Called Strike
0-1: Ball
1-1: Fly out, F4 (Line Drive, 4)
Bottom of the 3rd over - 0 run(s), 0 hit(s), 0 error(s), 0 left on base; Alameda 0 - Grand Forks 1
TOP OF THE 4TH
Alameda Airmen batting - Pitching for Grand Forks Caterpillars : LHP Raúl Gonzáles
Batting: RHB Edgar García 0-0: Fly out, F7 (Flyball, 78M)
Batting: RHB António Delgado 0-0: Ball
1-0: Fly out, F4 (Popup, 4MD)
Batting: RHB William Miles 0-0: Called Strike
0-1: Swinging Strike
0-2: Ball
1-2: Ball
2-2: Ball
3-2: Strikes out swinging
Top of the 4th over - 0 run(s), 0 hit(s), 0 error(s), 0 left on base; Alameda 0 - Grand Forks 1
BOTTOM OF THE 4TH
Grand Forks Caterpillars batting - Pitching for Alameda Airmen : RHP Seb Alport
Batting: SHB Valentín Guzmán 0-0: Called Strike
0-1: Ball
1-1: Ball
2-1: Ball
3-1: Swinging Strike
3-2: TRIPLE (Line Drive, 9LS)
Batting: LHB Tae-sang Han 0-0: Called Strike
0-1: Fly out, F7 (Flyball, 7LM)
Runner from 3rd tags up, SCORES, no throw
Batting: LHB Qi-zhen Loong 0-0: Called Strike
0-1: SINGLE (Groundball, 34D)
Batting: LHB Eduardo Álvarez 0-0: Ball
1-0: Ball
2-0: Foul Ball, location: 2F
2-1: Foul Ball, location: 2F
2-2: Strikes out swinging
Batting: RHB John Moore 0-0: Ball
1-0: Ball
2-0: Called Strike
2-1: Ball
3-1: Foul Ball, location: 2F
3-2: Foul Ball, location: 2F
3-2: Foul Ball, location: 2F
3-2: Foul Ball, location: 2F
3-2: SINGLE (Line Drive, 8LS)
Qi-zhen Loong to second
Qi-zhen Loong to third
Batting: RHB Clarros Ramada Pickoff Throw to First - Out!
Bottom of the 4th over - 1 run(s), 3 hit(s), 0 error(s), 0 left on base; Alameda 0 - Grand Forks 2
TOP OF THE 5TH
Alameda Airmen batting - Pitching for Grand Forks Caterpillars : LHP Raúl Gonzáles
Batting: SHB Burton Storey 0-0: Ball
1-0: Ball
2-0: Called Strike
2-1: SINGLE (Line Drive, 6D)
Batting: RHB Gabriel Juárez 0-0: Ball
1-0: Ball
2-0: Called Strike
2-1: Grounds into double play, 1-6-3 (Groundball, 13)
Batting: RHB Miguel Torres 0-0: Called Strike
0-1: Fly out, F5 (Popup, 5F)
Top of the 5th over - 0 run(s), 1 hit(s), 0 error(s), 0 left on base; Alameda 0 - Grand Forks 2
BOTTOM OF THE 5TH
Grand Forks Caterpillars batting - Pitching for Alameda Airmen : RHP Seb Alport
Batting: RHB Clarros Ramada 0-0: Swinging Strike
0-1: Reached on error, E5 (Groundball, 56)
Batting: SHB Luchino Salimbeni 0-0: Bunted foul
0-1: Bunted foul
0-2: Strikes out swinging
Batting: RHB Rubén Marino 0-0: Ball
1-0: Foul Ball, location: 2F
1-1: SINGLE (Line Drive, 7LS)
Clarros Ramada to second
Batting: LHB Carlos Álvarez 0-0: Ball
1-0: Called Strike
1-1: Called Strike
1-2: SINGLE (Line Drive, 9S)
Clarros Ramada to third
Rubén Marino to second
Batting: SHB Valentín Guzmán 0-0: Foul Ball, location: 2F
0-1: SINGLE (Groundball, 3)
Clarros Ramada scores
Rubén Marino to third
Carlos Álvarez to second
Runner from 3rd tries for Home, SAFE, no throw or cutoff
Batting: LHB Tae-sang Han 0-0: Foul Ball, location: 2F
0-1: Swinging Strike
0-2: Foul Ball, location: 2F
0-2: Ball
1-2: Ball
2-2: Foul Ball, location: 2F
2-2: Ball
3-2: Strikes out swinging
Batting: LHB Qi-zhen Loong 0-0: Ball
1-0: Called Strike
1-1: SINGLE (Line Drive, 7LM)
Carlos Álvarez to third
Valentín Guzmán to second
Batting: LHB Eduardo Álvarez 0-0: Ball
1-0: Fly out, F8 (Flyball, 8LM)
Bottom of the 5th over - 2 run(s), 4 hit(s), 1 error(s), 3 left on base; Alameda 0 - Grand Forks 4
TOP OF THE 6TH
Alameda Airmen batting - Pitching for Grand Forks Caterpillars : LHP Raúl Gonzáles
Batting: RHB Manuel Martínez 0-0: Swinging Strike
0-1: Ball
1-1: Foul Ball, location: 2F
1-2: Ball
2-2: Foul Ball, location: 2F
2-2: Foul Ball, location: 2F
2-2: Foul Ball, location: 2F
2-2: Fly out, F8 (Flyball, 8RM)
Batting: SHB Thomas Sherman 0-0: DOUBLE (Line Drive, 78M)
Batting: RHB José Cervantes 0-0: Called Strike
0-1: SINGLE (Line Drive, 6D)
Thomas Sherman to third
Batting: RHB Edgar García 0-0: Called Strike
0-1: Swinging Strike
0-2: Ball
José Cervantes steals 2nd base
1-2: Ball
2-2: Foul Ball, location: 2F
2-2: Fly out, F8 (Flyball, 8RS)
Batting: RHB António Delgado 0-0: Ground out 4-3 (Groundball, 4M)
Top of the 6th over - 0 run(s), 2 hit(s), 0 error(s), 2 left on base; Alameda 0 - Grand Forks 4
BOTTOM OF THE 6TH
Grand Forks Caterpillars batting - Pitching for Alameda Airmen : RHP Seb Alport
Batting: RHB John Moore 0-0: Ball
1-0: Foul Ball, location: 2F
1-1: Ball
2-1: Swinging Strike
2-2: SINGLE (Line Drive, 89S)
Batting: RHB Clarros Ramada 0-0: Ball
1-0: Ball
2-0: Bunt missed!
2-1: Sac Bunt - play at first, batter OUT! 1-4
John Moore to second
Batting: SHB Luchino Salimbeni 0-0: Ball
1-0: Called Strike
1-1: SINGLE (Groundball, 34S)
John Moore to third
Runner from 3rd tries for Home, SAFE, no throw or cutoff
Batting: RHB Rubén Marino 0-0: Ball
1-0: Ball
2-0: Foul Ball, location: 2F
2-1: Foul Ball, location: 2F
2-2: Foul Ball, location: 2F
2-2: Ball
3-2: Fly out, F7 (Flyball, 78M)
Batting: LHB Carlos Álvarez 0-0: Fly out, F5 (Popup, 5DF)
Bottom of the 6th over - 1 run(s), 2 hit(s), 0 error(s), 1 left on base; Alameda 0 - Grand Forks 5
TOP OF THE 7TH
Alameda Airmen batting - Pitching for Grand Forks Caterpillars : LHP Raúl Gonzáles
Batting: RHB William Miles 0-0: Called Strike
0-1: Foul Ball, location: 2F
0-2: Fly out, F5 (Line Drive, 5)
Batting: SHB Burton Storey 0-0: SINGLE (Groundball, 13) (infield hit)
Batting: RHB Gabriel Juárez 0-0: Fly out, F8 (Flyball, 8RM)
Batting: RHB Miguel Torres 0-0: Ball
1-0: Ball
2-0: Ball
3-0: Called Strike
3-1: Ground out 5-3 (Groundball, 5L)
Top of the 7th over - 0 run(s), 1 hit(s), 0 error(s), 1 left on base; Alameda 0 - Grand Forks 5
BOTTOM OF THE 7TH
Grand Forks Caterpillars batting - Pitching for Alameda Airmen : RHP Seb Alport
Batting: SHB Valentín Guzmán 0-0: Called Strike
0-1: Ball
1-1: Fly out, F9 (Flyball, 9M)
Batting: LHB Tae-sang Han 0-0: Ground out 5-3 (Groundball, 15S)
Batting: LHB Qi-zhen Loong 0-0: SINGLE (Groundball, 4MD)
Pitching: LHP Yvan Benincasa
Batting: LHB Eduardo Álvarez 0-0: Ball
1-0: Ground out 2-3 (Groundball, 2L)
Bottom of the 7th over - 0 run(s), 1 hit(s), 0 error(s), 1 left on base; Alameda 0 - Grand Forks 5
TOP OF THE 8TH
Alameda Airmen batting - Pitching for Grand Forks Caterpillars : LHP Raúl Gonzáles
Batting: RHB Manuel Martínez 0-0: Ball
1-0: Ball
2-0: Called Strike
2-1: Foul Ball, location: 2F
2-2: Ball
3-2: DOUBLE (Groundball, 5L)
Batting: SHB Thomas Sherman 0-0: Ground out 6-3 (Groundball, 6M)
Manuel Martínez to third
Batting: RHB José Cervantes 0-0: SINGLE (Groundball, 56)
Manuel Martínez scores
Batting: RHB Edgar García Pickoff Throw to First - Error! E1
José Cervantes to second
0-0: Called Strike
0-1: Ball
1-1: SINGLE (Line Drive, 8LS)
José Cervantes to third
Runner from 3rd tries for Home, SAFE, no throw or cutoff
Batting: RHB António Delgado 0-0: Ball
1-0: Called Strike
1-1: Ball
2-1: Foul Ball, location: 2F
2-2: Ball
3-2: Fielders Choice at 2nd, 6-4 (Groundball, 6)
Batting: RHB William Miles 0-0: Ball
1-0: Called Strike
1-1: Ground out 3-1 (Groundball, 34)
Top of the 8th over - 2 run(s), 3 hit(s), 1 error(s), 1 left on base; Alameda 2 - Grand Forks 5
BOTTOM OF THE 8TH
Grand Forks Caterpillars batting - Pitching for Alameda Airmen : LHP Yvan Benincasa
Batting: RHB John Moore 0-0: Ball
1-0: Ground out 6-3 (Groundball, 6)
Batting: RHB Clarros Ramada 0-0: Ball
1-0: Fly out, F3 (Popup, 3F)
Batting: SHB Luchino Salimbeni 0-0: Ball
1-0: Swinging Strike
1-1: Swinging Strike
1-2: Foul Ball, location: 2F
1-2: Ball
2-2: Ball
3-2: Fly out, F5 (Line Drive, 56)
Bottom of the 8th over - 0 run(s), 0 hit(s), 0 error(s), 0 left on base; Alameda 2 - Grand Forks 5
TOP OF THE 9TH
Alameda Airmen batting - Pitching for Grand Forks Caterpillars : LHP Raúl Gonzáles
Batting: SHB Burton Storey 0-0: Ball
1-0: Ball
2-0: Ball
3-0: Base on Balls
Pitching: RHP Chang-keun Hyon
Batting: RHB Gabriel Juárez 0-0: Swinging Strike
0-1: Ball
1-1: Swinging Strike
1-2: Strikes out swinging
Batting: RHB Miguel Torres 0-0: Ball
1-0: Ball
2-0: Ball
3-0: Base on Balls
Burton Storey to second
Batting: RHB Manuel Martínez 0-0: Swinging Strike
0-1: Ball
1-1: Swinging Strike
1-2: Strikes out looking
Pinch Hitting: SHB Jim Unknown 0-0: SINGLE (Groundball, 34D)
Burton Storey to third
Miguel Torres to second
Runner from 3rd tries for Home, SAFE, no throw or cutoff
Pinch Runner at 2nd Marco Altichioro:
Pinch Hitting: LHB Jim Unknown 0-0: Ball
1-0: Called Strike
1-1: Called Strike
1-2: Hit by Pitch
Marco Altichioro to third
Jim Unknown to second
Batting: RHB Edgar García 0-0: Ball
1-0: Ground out 6-3 (Groundball, 6)
Top of the 9th over - 1 run(s), 1 hit(s), 0 error(s), 3 left on base; Alameda 3 - Grand Forks 5
This league is powered by Out of the Park Baseball, the baseball management simulation game for PC, Mac and Linux
Friday, October 23rd, 2015 - OOTP Baseball 16.9 Build 39